 Dungeon Crawl Stone Soup version 0.27-a0-1381-g81fdcbfb23 (webtiles) character file.

Game seed: 9938404842812243230

155 Nattfarinn the Changer (level 5, -5/39 HPs)
             Began as an Octopode Transmuter on June 30, 2021.
             Slain by Grinder (9 damage)
             ... while paralysed by Grinder
             ... on level 3 of the Dungeon.
             The game lasted 00:04:59 (3937 turns).

Nattfarinn the Changer (Octopode Transmuter)        Turns: 3937, Time: 00:05:00

Health: -5/39      AC:  5    Str: 18    XL:     5   Next: 37%
Magic:  4/8        EV:  1    Int: 16    God:
Gold:   85         SH:  0    Dex: 12    Spells: 0/8 levels left

rFire    x . .     SeeInvis .     - Unarmed
rCold    + + +     Faith    .   (shield currently unavailable)
rNeg     . . .     Spirit   .   (helmet currently unavailable)
rPois    +         Reflect  .   (no amulet)
rElec    .         Harm     .   b - ring of wizardry
rCorr    .         Rampage  .   a - ring "Xewosixt" {Will+ Str+8}
Will     +....                  (no ring)
Stlth    +.........             (no ring)
HPRegen  0.13/turn              (no ring)
MPRegen  0.11/turn              (no ring)
                                (no ring)
                                (no ring)

@: paralysed, ice-form
A: freezing attack, boosted hp, almost no armour, amphibious, 8 rings, large,
(camouflage 1), (gelatinous body 1), (nimble swimmer 1), (tentacles)
a: End Transformation


You were on level 3 of the Dungeon.
You were a creature of crystalline ice.
You visited 1 branch of the dungeon, and saw 3 of its levels.

You collected 85 gold pieces.

Inventory:

Jewellery
 a - the ring "Xewosixt" (right front paw) {Will+ Str+8}
   (You acquired it on level 3 of the Dungeon)

   [ring of willpower]

   Str:       It affects your strength (+8).
   Will:      It increases your willpower.
 b - a ring of wizardry (left front paw)
Scrolls
 g - a scroll of blinking
Potions
 d - a potion of lignification
 e - a potion of invisibility {unknown}
 f - a potion of resistance {unknown}
 k - a potion of mutation {unknown}
 o - a potion of curing {unknown}
 p - a potion of flight {unknown}


   Skills:
 - Level 1.0 Fighting
 + Level 3.4 Dodging
 - Level 3.0 Unarmed Combat
 - Level 2.0 Spellcasting
 * Level 4.5 Transmutations


You couldn't memorise any spells.
You knew the following spells:

 Your Spells              Type           Power      Damage    Failure   Level
a - Beastly Appendage     Tmut           32%        N/A       1%          1
b - Spider Form           Tmut/Pois      4%         N/A       10%         3
c - Ice Form              Ice/Tmut       8%         N/A       32%         4

Your spell library contained the following spells:

 Spells                   Type           Power      Damage    Failure   Level
 Wereblood                Tmut           16%        N/A       1%          2
 Animate Skeleton         Necr           2%         N/A       9%          1
 Pain                     Necr           4%         1d4       9%          1
 Vampiric Draining        Necr           0%         2d6       24%         3
 Animate Dead             Necr           0%         N/A       58%         4
 Agony                    Necr           1%         N/A       89%         5


Dungeon Overview and Level Annotations

Branches:
Dungeon (3/15)

Altars:
Cheibriados

Annotations:
D:3 Grinder


Innate Abilities, Weirdness & Mutations

You are a creature of crystalline ice.
You have a powerful freezing melee attack.
Your maximum health is increased.
Your armour is entirely melded.
You are incapable of wielding weapons or throwing items.
You cannot wear most types of armour.
You are amphibious.
You can wear up to eight rings at the same time.
((Your skin changes colour to match your surroundings (Stealth+).))
((Your rubbery body absorbs attacks. (AC +1, EV +1)))
((You are camouflaged near water. (Stealth+)))
((You have tentacles for arms and can constrict up to eight enemies at once.))


Message History

Okay, then.
You start resting.
HP restored.
Casting: Spider Form (quite dangerous; 10% risk of failure)
Confirm with . or Enter, or press ? or * to list all spells.
The spell is extremely dangerous to cast (32% risk of failure)!
Continue anyway?
You miscast Ice Form.
You are very lightly contaminated with residual magic.
Your body is flooded with distortional energies.
You start resting.
Your magical contamination has completely faded away.
You start resting.
Magic restored.
Casting: Ice Form (extremely dangerous; 32% risk of failure)
Confirm with . or Enter, or press ? or * to list all spells.
The spell is extremely dangerous to cast (32% risk of failure)!
Continue anyway?
You turn into a creature of crystalline ice.
You climb downwards.
Level annotation: Grinder The gnoll sergeant hits you from afar with a +2 vampiric trident.
There is a stone staircase leading up here.
Grinder gestures at you. You resist with almost no effort.
The gnoll sergeant closely misses you.
You hit the gnoll sergeant. You freeze the gnoll sergeant.
The gnoll sergeant is lightly wounded.
Grinder hits you.
You writhe in agony.
The gnoll sergeant hits you with a +2 vampiric trident!
You punch the gnoll sergeant! You freeze the gnoll sergeant.
The gnoll sergeant is heavily wounded.
Grinder gestures at you.
You suddenly lose the ability to move!
The gnoll sergeant hits you with a +2 vampiric trident!
* * * LOW HITPOINT WARNING * * *
The gnoll sergeant draws strength from your wounds!
Grinder hits you but does no damage. The orc hits you but does no damage.
The gnoll sergeant hits you with a +2 vampiric trident.
* * * LOW HITPOINT WARNING * * *
The gnoll sergeant draws strength from your wounds!
Grinder hits you!
You die...

..###### #####.####.#... ..#....#
#....#.###. ....##.############
####.#.###. ..####............#
#.#..... .)# ####.#####.#.#
##.###### ..# #.#####.#.# #...#
..#######.#.......### #...#
..#.......#....<....# #...#
..#.^.....#.....Y.#.#####...#####
..#.......#....o5g#.#...........#
###.......#..........g...).ยง.....
#.......#....)..#.#.o...)._....
#.......#..###..#.#####.)......
#.......##.# #....# #........
##########.###.#### #...#....
######.....# #...#....
#......##.## ##.##....


You could see Grinder, a gnoll sergeant and an orc.

Vanquished Creatures
  5 gnolls (D:3)
  3 adders
  2 worms (D:2)
  2 dart slugs (D:3)
  2 orcs (D:3)
  9 ball pythons
  5 endoplasms
  5 goblins
  5 hobgoblins
  7 jackals
  3 quokkas
  7 bats
  5 frilled lizards
  5 kobolds
  2 rats
67 creatures vanquished.

Notes
Turn   | Place    | Note
-------+----------+-------------------------------------------
     0 | D:1      | Nattfarinn the Octopode Transmuter began the quest for the
                  | Orb.
     0 | D:1      | Reached XP level 1. HP: 13/13 MP: 3/3
   335 | D:1      | Reached XP level 2. HP: 15/18 MP: 3/5
  1285 | D:2      | Reached skill level 3 in Transmutations
  1411 | D:2      | Reached XP level 3. HP: 16/23 MP: 4/6
  2132 | D:2      | Reached XP level 4. HP: 28/28 MP: 5/7
  2735 | D:2      | Learned a level 3 spell: Spider Form
  2850 | D:3      | Found a snail-covered altar of Cheibriados.
  3176 | D:3      | Reached skill level 4 in Transmutations
  3483 | D:3      | Noticed Grinder
  3509 | D:3      | Identified a scroll of acquirement
  3509 | D:3      | Acquired the ring "Xewosixt" {Will+ Str+8}
  3517 | D:3      | Reached XP level 5. HP: 26/33 MP: 8/8
  3865 | D:2      | Learned a level 4 spell: Ice Form
  3935 | D:3      | Paralysed by Grinder for 5 turns
  3937 | D:3      | Slain by Grinder

Illustrated notes

Levels and vault maps discovered:
D:1:      minmay_arrival_hallway, layout_loops_corners
D:2:      layout_basic, hangedman_decor_growths, minmay_hedge_maze
D:3:      layout_loops_cross, cheibriados_altar_1, uniq_grinder

Skill      XL: |  1  2  3  4 |
---------------+-------------+-----
Transmutations | 3 4 |  4.5
Dodging        | 3 |  3.4
Fighting       | |  1.0
Unarmed Combat | |  3.0
Spellcasting   | |  2.0

Action                   |  1- 3 |  4- 6 || total
-------------------------+-------+-------++-------
Melee: Unarmed           |    81 |    82 ||   163
       Constrict         |    20 |    16 ||    36
       Tentacles         |    12 |     9 ||    21
       Kick              |    13 |     1 ||    14
       Punch             |     1 |     1 ||     2
 Cast: Beastly Appendage |    18 |     2 ||    20
       Spider Form       |       |     2 ||     2
       Ice Form          |       |     1 ||     1
  Use: Scroll            |       |     9 ||     9
 Stab: Sleeping          |     4 |     4 ||     8
Armor: Skin              |    10 |     6 ||    16
Dodge: Dodged            |    54 |    69 ||   123

Table legend: (Time is in decaauts)
 A = Elapsed time spent in this place.
 B = Non-inter-level travel time spent in this place.
 C = Inter-level travel time spent in this place.
 D = Time resting spent in this place.
 E = Time spent auto-exploring this place.
 F = Levels seen in this place.
 G = Mean time per level.
                   A        B        C        D        E       F      G
               +--------+--------+--------+--------+--------+-----+--------+
         Total |   3928 |   3881 |     47 |    510 |   2924 |   3 | 1309.3 |
       Dungeon |   3928 |   3881 |     47 |    510 |   2924 |   3 | 1309.3 |
               +--------+--------+--------+--------+--------+-----+--------+

Top non-repeatable levels by time:
     D:2: 1732 daAuts
     D:1: 1235 daAuts
     D:3: 960 daAuts
